 Dungeon Crawl Stone Soup version 0.23-a0-143-g1adec7b (webtiles) character file.

72 Inarius the Shield-Bearer (level 4, -5/31 HPs)
             Began as a Halfling Fighter on Sept 2, 2018.
             Engulfed by a cloud of flame (14 damage)
             ... on level 3 of the Dungeon.
             The game lasted 00:03:12 (1764 turns).

Inarius the Shield-Bearer (Halfling Fighter)        Turns: 1764, Time: 00:03:13

Health: -5/31      AC:  7    Str: 20    XL:     4   Next: 48%
Magic:  4/4        EV: 10    Int:  6    God:
Gold:   110        SH: 10    Dex: 13    Spells: 3/3 levels left

rFire    . . .     SeeInvis .   a - +0 rapier
rCold    . . .     Gourm    .   c - +0 shield
rNeg     . . .     Faith    .   p - +1 ring mail {rPois}
rPois    +         Spirit   .   (no helmet)
rElec    .         Reflect  .   (no cloak)
rCorr    .         Harm     .   o - +0 pair of gloves
MR       .....                  (no boots)
Stlth    +.........             (no amulet)
HPRegen  0.10/turn              e - +2 ring of strength
MPRegen  0.09/turn              (no ring)

@: no status effects
A: small, mutation resistance 1
a: no special abilities


You were on level 3 of the Dungeon.
You were not hungry.

You visited 1 branch of the dungeon, and saw 3 of its levels.

You collected 110 gold pieces.

Inventory:

Hand Weapons
 a - a +0 rapier (weapon)
Missiles
 b - 25 sling bullets
 i - 94 stones (quivered)
Armour
 c - a +0 shield (worn)
 o - a +0 pair of gloves (worn)
 p - a +1 ring mail of poison resistance (worn)
Jewellery
 e - a +2 ring of strength (left hand)
Wands
 s - a wand of acid (4)
Scrolls
 k - a scroll of remove curse {unknown}
 n - 3 scrolls of identify {unknown}
 q - a scroll of fog {unknown}
Potions
 d - a potion of might
 g - 3 potions of curing {unknown}
 j - a potion of agility {unknown}
 l - a potion of heal wounds {unknown}
 m - a potion of ambrosia {unknown}
 r - a potion of flight {unknown}
 t - a potion of experience {unknown}
 u - a potion of berserk rage {unknown}
Comestibles
 f - 6 rations
 h - 13 chunks of flesh


   Skills:
 * Level 3.1 Fighting
 + Level 3.2 Short Blades
 + Level 3.4 Armour
 + Level 0.9 Dodging
 * Level 2.1 Stealth
 + Level 3.8 Shields


You had 3 spell levels left.
You didn't know any spells.
Your spell library was empty.

Dungeon Overview and Level Annotations

Branches:
Dungeon (3/15)

Altars:
Vehumet


Innate Abilities, Weirdness & Mutations

You are small and have problems with some larger weapons.
You are somewhat resistant to further mutation.


Message History

No target in view!
You see here a ball python corpse.
You butcher the ball python corpse.
h - 13 chunks of flesh (gained 4)
You see here a ball python skeleton.
Found a bubbling grey potion.
Found a leather armour.
g - 3 silvery potions (gained 1)
t - a bubbling grey potion A rat comes into view.
Really walk into a travel-excluded area?
Really walk into that cloud of flame?
You are engulfed in blazing flames.
Ouch! That really hurt!
* * * LOW HITPOINT WARNING * * *
You block the rat's attack.
You see here a bubbling golden potion.
u - a bubbling golden potion You are engulfed in blazing flames.
You die...

###.÷# #< #. #....8
#.# #.
##########.#...
###.## #.
#..........#...
....## #.
#.############.
...... #.# #.# #.
#..##..#.###.#######
[.
#..##.§............#
.##
#.)##..§r@....####.#
#.
.#####<.###.._.§.#.#
#.# # ##
#.......)###.§.§..#.#
#.# ..#
#.###.....>..§..§##.#
#.# #<# #.
#........######.# #.#
#.# #.###........#
#.# #.# ##.#
#...........(#
#.####.####..#
##.##÷.......##
#............#
......###....#
######.####..#


You could see a rat.

Vanquished Creatures
  An adder (D:2)
  2 oozes (D:2)
  2 dart slugs
  A leopard gecko (D:2)
  4 orcs
  5 goblins
  4 hobgoblins
  4 jackals (D:1)
  10 kobolds
  A quokka (D:2)
  A ball python (D:3)
  3 bats
  A frilled lizard (D:2)
  5 rats
44 creatures vanquished.

Notes
Turn   | Place    | Note
-------+----------+-------------------------------------------
     0 | D:1      | Inarius the Halfling Fighter began the quest for the Orb.
     0 | D:1      | Reached XP level 1. HP: 15/15 MP: 1/1
   201 | D:1      | Reached XP level 2. HP: 12/20 MP: 2/2
   544 | D:1      | Reached skill level 1 in Stealth
   593 | D:1      | Reached XP level 3. HP: 26/26 MP: 3/3
  1311 | D:2      | Reached XP level 4. HP: 30/31 MP: 4/4
  1581 | D:3      | Found a radiant altar of Vehumet.
  1764 | D:3      | Engulfed by a cloud of flame

Vault maps used:
D:1:      noname_arrival_rooms_in_the_neighbourhood
D:2:      first_ration
D:3:      fiery_altar_vehumet, minmay_statues_item

Skill      XL: |  1  2  3  4 |
---------------+-------------+-----
Fighting       | 3 |  3.1
Stealth        | 1 2 |  2.1
Short Blades   | 3 |  3.2
Armour         | |  3.4
Dodging        | |  0.9
Shields        | |  3.8

Action                   |  1- 3 |  4- 6 || total
-------------------------+-------+-------++-------
Melee: Rapier            |   110 |    32 ||   142
  Eat: Chunk             |     1 |     2 ||     3
Armor: Scale mail        |    37 |       ||    37
       Ring mail         |    12 |     5 ||    17
Dodge: Dodged            |    33 |    12 ||    45
Block: Shield            |    57 |    16 ||    73

Table legend:
 A = Non-vault XP
 B = Vault XP
 C = Vault XP percentage of total XP
 D = Non-vault monster count
 E = Vault monster count
 F = Vault count percentage of total count
                 A         B        C        D         E       F
            +---------+---------+-------+---------+---------+-------
      Total |     103 |       0 |   0.0 |      44 |       0 |   0.0
            +---------+---------+-------+---------+---------+-------
        D:1 |      36 |       0 |   0.0 |      20 |       0 |   0.0
        D:2 |      53 |       0 |   0.0 |      18 |       0 |   0.0
        D:3 |      14 |       0 |   0.0 |       6 |       0 |   0.0
            +---------+---------+-------+---------+---------+-------
